[Event "29th Paul Keres Memorial 2020"]
[Site "Tallinn"]
[Date "2020.01.11"]
[Round "4.1"]
[White "Kovalenko, Igor"]
[Black "Gareyev, Timur"]
[Result "1/2-1/2"]
[ECO "A45"]
[WhiteElo "2640"]
[BlackElo "2607"]
[Annotator "ChessBase"]
[PlyCount "148"]
[EventDate "2020.01.11"]
[EventType "swiss"]
[EventCountry "EST"]
[SourceTitle "playchess.com"]
[Source "ChessBase"]
[SourceQuality "1"]
[TimeControl "900+5"]

1. d4 Nf6 2. Bg5 c5 3. Bxf6 exf6 4. c3 Qb6 5. Qd2 d5 6. e3 Nc6 7. Be2 Bf5 8. Nf3 Rd8 9. O-O Bd6 10. dxc5 Qxc5 11. Nd4 Be4 12. Qd1 Bb8 13. Nd2 O-O 14. Qb3 Na5 15. Qa4 Qc7 16. g3 Bg6 17. Rac1 Rc8 18. Rfd1 a6 19. h4 h5 20. Bf3 Rfd8 21. Ne2 b5 22. Qa3 Qb6 23. b4 Nc6 24. Nf4 Bxf4 25. exf4 d4 26. c4 bxc4 27. Rxc4 Na7 28. Qb3 Nb5 29. a4 Nd6 30. Rcc1 Rb8 31. Nc4 Qxb4 32. Qxb4 Rxb4 33. Rxd4 Kh7 34. Rxd6 Rxc4 35. Rxc4 Rxd6 36. Rc5 Bd3 37. Rxh5+ Kg8 38. Rc5 Rd4 39. Bc6 g6 40. Kg2 f5 41. a5 Be2 42. Rc2 Bd3 43. Rc5 Be2 44. Rd5 Rc4 45. Rd2 Rxc6 46. Rxe2 Kg7 47. Re5 Rc2 48. h5 Ra2 49. hxg6 fxg6 50. Rc5 Kh6 51. Kf3 Ra3+ 52. Kg2 Kg7 53. f3 Ra4 54. Kh3 Kh6 55. Rd5 Ra3 56. Kh4 Rxf3 57. Rd6 Rf1 58. Kh3 Rh1+ 59. Kg2 Ra1 60. Rxa6 Kh5 61. Kh2 g5 62. fxg5 Kxg5 63. Ra8 f4 64. gxf4+ Kxf4 65. a6 Ra2+ 66. Kg1 Kg3 67. Kf1 Kf3 68. Ke1 Ke3 69. Kd1 Kd3 70. Kc1 Rc2+ 71. Kb1 Rc7 72. Kb2 Kc4 73. a7 Kc5 74. Kb3 Kb6 1/2-1/2

[Event "29th Paul Keres Memorial 2020"]
[Site "Tallinn"]
[Date "2020.01.11"]
[Round "6.1"]
[White "Kovalenko, Igor"]
[Black "Kuzubov, Yuriy"]
[Result "0-1"]
[ECO "A34"]
[WhiteElo "2640"]
[BlackElo "2644"]
[Annotator "ChessBase"]
[PlyCount "164"]
[EventDate "2020.01.11"]
[EventType "swiss"]
[EventCountry "EST"]
[SourceTitle "playchess.com"]
[Source "ChessBase"]
[SourceQuality "1"]
[TimeControl "900+5"]

1. c4 c5 2. Nc3 Nf6 3. g3 d5 4. cxd5 Nxd5 5. Bg2 Nxc3 6. dxc3 Qxd1+ 7. Kxd1 h5 8. Be3 e6 9. Nf3 Nc6 10. Kc2 Bd7 11. Rad1 Be7 12. Ng5 Rd8 13. h4 Na5 14. b3 b6 15. Bf4 Bc6 16. Rxd8+ Bxd8 17. f3 O-O 18. Rd1 Be7 19. Bf1 Rd8 20. Rxd8+ Bxd8 21. e4 Bb7 22. a3 Kf8 23. b4 cxb4 24. axb4 Nc6 25. b5 Ne7 26. Bd6 Ke8 27. Be2 Nc8 28. Bb8 Be7 29. Kd2 Bd6 30. Bxd6 Nxd6 31. Ke3 Ke7 32. e5 Nf5+ 33. Kf4 Bd5 34. Bd3 f6 35. Ne4 fxe5+ 36. Kxe5 Bxe4 37. fxe4 Nd6 38. Kf4 Nb7 39. e5 Nc5 40. Be2 g6 41. Bf1 Kf7 42. Bc4 Kg7 43. Kg5 Ne4+ 44. Kf4 Nc5 45. Be2 Nd7 46. Bd1 Kh6 47. Bc2 Nc5 48. c4 Nb7 49. Bd1 Nc5 50. Ke3 g5 51. Bc2 Nd7 52. Kd4 Nc5 53. Bd1 Nd7 54. Bf3 Nc5 55. Bc6 Nb3+ 56. Ke3 Nc5 57. Be8 Nb3 58. Bf7 Nc5 59. Kd4 Nb3+ 60. Ke4 Nc5+ 61. Ke3 gxh4 62. gxh4 Nd7 63. Ke4 Nc5+ 64. Kf4 Nd3+ 65. Ke4 Nc5+ 66. Ke3 Nd7 67. Kf4 Nc5 68. Bxe6 Nxe6+ 69. Kf5 Nc5 70. Kf6 Ne4+ 71. Kf7 Nd2 72. e6 Nxc4 73. e7 Nd6+ 74. Ke6 Ne8 75. Kf7 Nd6+ 76. Ke6 Ne8 77. Kd7 Nf6+ 78. Kd8 Kg6 79. e8=Q+ Nxe8 80. Kxe8 Kf5 81. Kd7 Ke5 82. Kc6 Kd4 0-1

[Event "29th Paul Keres Memorial 2020"]
[Site "Tallinn"]
[Date "2020.01.11"]
[Round "6.2"]
[White "Tiviakov, Sergei"]
[Black "Alekseev, Evgeny"]
[Result "1/2-1/2"]
[ECO "B40"]
[WhiteElo "2608"]
[BlackElo "2623"]
[Annotator "ChessBase"]
[PlyCount "72"]
[EventDate "2020.01.11"]
[EventType "swiss"]
[EventCountry "EST"]
[SourceTitle "playchess.com"]
[Source "ChessBase"]
[SourceQuality "1"]
[TimeControl "900+5"]

1. e4 c5 2. Nf3 e6 3. c3 d5 4. exd5 Qxd5 5. d4 Nf6 6. Na3 Nc6 7. Be3 cxd4 8. Nb5 Qd8 9. Nbxd4 Nd5 10. Bd2 Nxd4 11. Nxd4 Bc5 12. Nb3 Bd6 13. g3 b6 14. c4 Ne7 15. Bg2 Rb8 16. O-O O-O 17. Bc3 Qc7 18. Rc1 Bb7 19. Qg4 Be5 20. Bxb7 Rxb7 21. Rfd1 Ng6 22. Qe4 Rbb8 23. Bxe5 Qxe5 24. Qxe5 Nxe5 25. c5 Rfc8 26. cxb6 axb6 27. Nd4 g5 28. a4 g4 29. b4 Ra8 30. Rxc8+ Rxc8 31. a5 bxa5 32. bxa5 Rd8 33. Re1 Rd5 34. a6 Rxd4 35. Rxe5 Ra4 36. a7 Rxa7 1/2-1/2

[Event "29th Paul Keres Memorial 2020"]
[Site "Tallinn"]
[Date "2020.01.11"]
[Round "6.5"]
[White "Meshkovs, Nikita"]
[Black "Shishkov, Andrei"]
[Result "1-0"]
[ECO "A06"]
[WhiteElo "2565"]
[BlackElo "2390"]
[Annotator "ChessBase"]
[PlyCount "90"]
[EventDate "2020.01.11"]
[EventType "swiss"]
[EventCountry "EST"]
[SourceTitle "playchess.com"]
[Source "ChessBase"]
[SourceQuality "1"]
[TimeControl "900+5"]

1. Nf3 d5 2. g3 c6 3. Bg2 Bg4 4. O-O Nd7 5. d4 e6 6. Re1 f5 7. c4 Bd6 8. Qb3 Rb8 9. Ng5 Qe7 10. f3 h6 11. Nxe6 Qxe6 12. cxd5 Qxd5 13. Qxd5 cxd5 14. fxg4 Ne7 15. gxf5 Nxf5 16. e3 Bb4 17. Bd2 Bxd2 18. Nxd2 Nf6 19. e4 dxe4 20. Nxe4 O-O 21. Nxf6+ Rxf6 22. Rad1 b6 23. Bd5+ Kf8 24. Be6 Rd8 25. d5 Rd6 26. Re5 Ne7 27. Kg2 g5 28. Rc1 a5 29. Rc7 Ng6 30. Re2 Ne7 31. Rb7 Nxd5 32. Bg4 Nb4 33. Bh5 Rde6 34. Rf7+ Kg8 35. Rxf6 Rxf6 36. a3 Nd3 37. Bf3 Nc5 38. Bd5+ Kf8 39. b4 axb4 40. axb4 Na4 41. Rc2 b5 42. Bc6 Nb2 43. Bxb5 Nd1 44. Rc8+ Kg7 45. Re8 Rf2+ 1-0

[Event "29th Paul Keres Memorial 2020"]
[Site "Tallinn"]
[Date "2020.01.11"]
[Round "7.1"]
[White "Kuzubov, Yuriy"]
[Black "Turov, Maxim"]
[Result "1-0"]
[ECO "E19"]
[WhiteElo "2644"]
[BlackElo "2567"]
[Annotator "ChessBase"]
[PlyCount "137"]
[EventDate "2020.01.11"]
[EventType "swiss"]
[EventCountry "EST"]
[SourceTitle "playchess.com"]
[Source "ChessBase"]
[SourceQuality "1"]
[TimeControl "900+5"]

1. Nf3 Nf6 2. c4 e6 3. g3 a6 4. Bg2 b5 5. b3 Bb7 6. O-O c5 7. e3 Be7 8. Nc3 Qa5 9. Qe2 b4 10. Na4 O-O 11. a3 bxa3 12. Bxa3 d6 13. d4 Nbd7 14. Rfd1 Bc6 15. d5 Bxa4 16. Bb2 e5 17. Rxa4 Qb6 18. Ra3 a5 19. Qc2 Ra6 20. Bc3 Rfa8 21. Rda1 Bd8 22. Nd2 Bc7 23. h3 Qb8 24. Bf3 Nf8 25. Kg2 Ng6 26. Be2 Nf8 27. Bd3 R6a7 28. Nb1 Qe8 29. Nd2 Bb6 30. Qd1 h6 31. Bc2 N8d7 32. R3a2 Bc7 33. Nb1 Nb6 34. Rxa5 Rxa5 35. Rxa5 Rxa5 36. Bxa5 Nbxd5 37. Bxc7 Nxc7 38. Qxd6 Qa8+ 39. Kg1 Qa2 40. Qd2 g6 41. Nc3 Qa5 42. Qd8+ Kg7 43. Nb5 Qe1+ 44. Kg2 Nxb5 45. cxb5 Qe2 46. Qd3 Qxd3 47. Bxd3 Nd5 48. f4 exf4 49. exf4 f5 50. Kf3 Kf6 51. Bc4 Nb6 52. Ke3 Nc8 53. Kd3 g5 54. Kc3 Ke7 55. Bd3 Nd6 56. fxg5 hxg5 57. h4 f4 58. gxf4 gxh4 59. Bf1 Kf6 60. Bh3 Nxb5+ 61. Kc4 Nd4 62. b4 Ne6 63. b5 Nxf4 64. b6 Nxh3 65. b7 Kf5 66. b8=Q Nf4 67. Qc8+ Ke4 68. Qg4 h3 69. Qg3 1-0

[Event "29th Paul Keres Memorial 2020"]
[Site "Tallinn"]
[Date "2020.01.11"]
[Round "7.2"]
[White "Meshkovs, Nikita"]
[Black "Tiviakov, Sergei"]
[Result "1-0"]
[ECO "A05"]
[WhiteElo "2565"]
[BlackElo "2608"]
[Annotator "ChessBase"]
[PlyCount "69"]
[EventDate "2020.01.11"]
[EventType "swiss"]
[EventCountry "EST"]
[SourceTitle "playchess.com"]
[Source "ChessBase"]
[SourceQuality "1"]
[TimeControl "900+5"]

1. Nf3 Nf6 2. c4 b6 3. g3 Bb7 4. Bg2 g6 5. b3 Bg7 6. Bb2 O-O 7. O-O c5 8. Nc3 d5 9. Nxd5 Nxd5 10. Bxg7 Kxg7 11. cxd5 Bxd5 12. d4 Nd7 13. dxc5 Nxc5 14. Qd4+ f6 15. Rfd1 Bxf3 16. Qf4 Qe8 17. Qxf3 Rd8 18. b4 Rxd1+ 19. Rxd1 Qa4 20. Rd4 e5 21. Rh4 Qd1+ 22. Bf1 Nd7 23. Qb7 a5 24. bxa5 bxa5 25. Rc4 Rb8 26. Qg2 Rb1 27. Rc7 e4 28. g4 Kf7 29. Qh3 h6 30. g5 f5 31. gxh6 Qxe2 32. Qb3+ Rxb3 33. Rxd7+ Ke6 34. Bxe2 Rb1+ 35. Rd1 1-0

[Event "29th Paul Keres Memorial 2020"]
[Site "Tallinn"]
[Date "2020.01.11"]
[Round "7.3"]
[White "Alekseev, Evgeny"]
[Black "Kovalenko, Igor"]
[Result "0-1"]
[ECO "B38"]
[WhiteElo "2623"]
[BlackElo "2640"]
[Annotator "ChessBase"]
[PlyCount "104"]
[EventDate "2020.01.11"]
[EventType "swiss"]
[EventCountry "EST"]
[SourceTitle "playchess.com"]
[Source "ChessBase"]
[SourceQuality "1"]
[TimeControl "900+5"]

1. e4 c5 2. Nf3 Nc6 3. d4 cxd4 4. Nxd4 g6 5. c4 Bg7 6. Be3 Qb6 7. Nb5 Qa5+ 8. N1c3 Nf6 9. f3 O-O 10. Be2 a6 11. Nd4 Nh5 12. Qd2 Nxd4 13. Bxd4 Bxd4 14. Qxd4 d6 15. g3 Be6 16. Kf2 Rac8 17. Rhc1 f5 18. Nd5 Bxd5 19. Qxd5+ Qxd5 20. exd5 a5 21. Rc3 Rc5 22. Re1 Kf7 23. Re3 Nf6 24. Bd1 Rc7 25. Ba4 h5 26. h4 Rg8 27. Bb5 Ra8 28. R1e2 Ng8 29. Ra3 Nh6 30. Ke3 Ng8 31. Kf4 Nf6 32. Rae3 Rac8 33. Rc3 Rc5 34. Rd2 R8c7 35. Ke3 Rc8 36. Ra3 b6 37. Rb3 Rg8 38. Kf4 Rgc8 39. Rd4 R5c7 40. Re3 Nh7 41. Rb3 Nf8 42. Ke3 Kf6 43. Rd2 Rb8 44. Rdd3 g5 45. hxg5+ Kxg5 46. Rd4 Ng6 47. Kf2 Rh8 48. Bc6 e5 49. Rdd3 h4 50. Rxb6 hxg3+ 51. Kxg3 Nf4 52. Rd1 Rch7 0-1

[Event "29th Paul Keres Memorial 2020"]
[Site "Tallinn"]
[Date "2020.01.11"]
[Round "7.4"]
[White "Petursson, Margeir"]
[Black "Moiseenko, Alexander"]
[Result "0-1"]
[ECO "A20"]
[WhiteElo "2466"]
[BlackElo "2620"]
[Annotator "ChessBase"]
[PlyCount "112"]
[EventDate "2020.01.11"]
[EventType "swiss"]
[EventCountry "EST"]
[SourceTitle "playchess.com"]
[Source "ChessBase"]
[SourceQuality "1"]
[TimeControl "900+5"]

1. c4 e5 2. g3 c6 3. d4 Bb4+ 4. Bd2 Bxd2+ 5. Qxd2 d6 6. Nc3 Nf6 7. Bg2 O-O 8. dxe5 dxe5 9. Qxd8 Rxd8 10. Nf3 Re8 11. Nd2 Na6 12. h3 Bf5 13. g4 Bg6 14. O-O-O Nc5 15. g5 Nfd7 16. Nde4 a5 17. h4 Red8 18. Nd6 Bh5 19. Rd2 Nf8 20. Nce4 Nfe6 21. Nxc5 Nxc5 22. Rhd1 Kf8 23. Ne4 Ne6 24. Ng3 Rxd2 25. Rxd2 Bg4 26. f3 Nf4 27. Bf1 Be6 28. e3 Ng6 29. h5 Nh4 30. f4 Re8 31. b3 Nf5 32. Nxf5 Bxf5 33. Rf2 exf4 34. Rxf4 g6 35. Kd2 Re5 36. Rd4 Ke7 37. Be2 Be6 38. hxg6 hxg6 39. Bg4 Rxg5 40. Bxe6 Kxe6 41. Kd3 Rg1 42. Rh4 Rd1+ 43. Ke4 Rd2 44. Rh8 Rxa2 45. Rb8 Rb2 46. Rxb7 a4 47. b4 a3 48. b5 cxb5 49. cxb5 a2 50. Ra7 Kd6 51. b6 Kc6 52. b7 Kc7 53. Ke5 Kb8 54. Ra3 Kxb7 55. Kf6 Rf2+ 56. Ke7 Kc6 0-1

[Event "29th Paul Keres Memorial 2020"]
[Site "Tallinn"]
[Date "2020.01.11"]
[Round "7.6"]
[White "Gareyev, Timur"]
[Black "Chukavin, Kirill"]
[Result "1-0"]
[ECO "E32"]
[WhiteElo "2607"]
[BlackElo "2359"]
[Annotator "ChessBase"]
[PlyCount "45"]
[EventDate "2020.01.11"]
[EventType "swiss"]
[EventCountry "EST"]
[SourceTitle "playchess.com"]
[Source "ChessBase"]
[SourceQuality "1"]
[TimeControl "900+5"]

1. d4 Nf6 2. c4 e6 3. Nc3 Bb4 4. Qc2 d6 5. Nf3 Nbd7 6. a3 Bxc3+ 7. Qxc3 b6 8. g3 Bb7 9. Bg2 Qe7 10. O-O a5 11. b3 O-O 12. Rd1 Ne4 13. Qc2 Nef6 14. d5 exd5 15. Nd4 Nc5 16. Nf5 Qd8 17. cxd5 Re8 18. Bb2 Bc8 19. Nd4 Bb7 20. b4 axb4 21. axb4 Nce4 22. Nf5 Rxa1 23. Bxa1 1-0

[Event "29th Paul Keres Memorial 2020"]
[Site "Tallinn"]
[Date "2020.01.12"]
[Round "10.1"]
[White "Kuzubov, Yuriy"]
[Black "Reprintsev, Alexander"]
[Result "1/2-1/2"]
[ECO "D08"]
[WhiteElo "2644"]
[BlackElo "2353"]
[Annotator "ChessBase"]
[PlyCount "119"]
[EventDate "2020.01.11"]
[EventType "swiss"]
[EventCountry "EST"]
[SourceTitle "playchess.com"]
[Source "ChessBase"]
[SourceQuality "1"]
[TimeControl "900+5"]

1. d4 d5 2. c4 e5 3. cxd5 Qxd5 4. e3 exd4 5. Nc3 Bb4 6. exd4 Nc6 7. Nf3 Bg4 8. Be2 Bxf3 9. Bxf3 Qc4 10. Bxc6+ Qxc6 11. O-O Ne7 12. Qb3 Bd6 13. d5 Qb6 14. Nb5 O-O 15. Be3 Qa5 16. Rac1 Nf5 17. Nxd6 cxd6 18. Bf4 Qa6 19. Qc4 Qb6 20. Qe4 g6 21. g4 Rfe8 22. Qd3 Qd4 23. Qd2 Re4 24. gxf5 Rxf4 25. Qxd4 Rxd4 26. fxg6 hxg6 27. Rc7 b6 28. Re1 Rxd5 29. Ree7 Rf5 30. Rxa7 Rxa7 31. Rxa7 Rd5 32. a4 Rd2 33. b4 Rd4 34. b5 Kg7 35. Ra6 d5 36. Kf1 Re4 37. f3 Rc4 38. Ke2 g5 39. Kd3 f6 40. Rxb6 Rxa4 41. Rd6 Ra3+ 42. Kd4 Rxf3 43. b6 Rb3 44. Kc5 Rb2 45. Kc6 Rxh2 46. Rxd5 g4 47. b7 Rh8 48. Kc7 Kg6 49. Rd8 Rh7+ 50. Rd7 Rh8 51. Rd8 Rh7+ 52. Kc6 Rxb7 53. Kxb7 Kg5 54. Kc6 g3 55. Kd5 Kf4 56. Rg8 Kf3 57. Ke6 g2 58. Kxf6 Kf2 59. Rxg2+ Kxg2 60. Kf7 1/2-1/2

[Event "29th Paul Keres Memorial 2020"]
[Site "Tallinn"]
[Date "2020.01.12"]
[Round "10.2"]
[White "Kovalenko, Igor"]
[Black "Moiseenko, Alexander"]
[Result "0-1"]
[ECO "B40"]
[WhiteElo "2640"]
[BlackElo "2620"]
[Annotator "RC"]
[PlyCount "130"]
[EventDate "2020.01.11"]
[EventType "swiss"]
[EventCountry "EST"]
[SourceTitle "playchess.com"]
[Source "ChessBase"]
[SourceQuality "1"]
[TimeControl "900+5"]

1. e4 c5 2. Nf3 e6 3. c3 Nf6 4. e5 Nd5 5. d4 cxd4 6. cxd4 d6 7. Bc4 Nc6 8. O-O Be7 9. Qe2 O-O 10. Rd1 Na5 11. Bb5 Bd7 12. Bd3 Nb4 13. Nc3 Nxd3 14. Rxd3 b5 15. a3 Nb3 16. Rb1 Nxc1 17. Rxc1 Rc8 18. d5 exd5 19. exd6 Bxd6 20. Rcd1 Re8 21. Qd2 Bc6 22. Nd4 b4 23. axb4 Bxb4 24. Nxc6 Rxc6 25. Rxd5 Qf6 26. g3 Bxc3 27. bxc3 g6 28. Rc1 Qf3 29. c4 Re2 30. Qd4 Rf6 31. Rd8+ Kg7 32. Rf1 Qb7 33. Qc5 Qe7 34. Qc8 Qe6 35. Qc5 Qe7 36. Qc8 Qe6 37. Rg8+ Kh6 38. Qf8+ Kg5 39. Qc5+ Rf5 40. Qd4 Qe4 41. Qd8+ Qe7 42. Qd1 Rfxf2 43. Qd5+ Re5 44. Rxf2 Rxd5 45. cxd5 Qe1+ 46. Rf1 Qe3+ 47. Rf2 Qe1+ 48. Rf1 Qe3+ 49. Rf2 Qe1+ 50. Rf1 Qe3+ 51. Rf2 Qd4 52. Re8 Qd1+ 53. Rf1 Qxd5 54. Re2 a5 55. Rff2 f5 56. Rd2 Qc5 57. Rc2 Qe3 58. Rce2 Qc1+ 59. Kg2 Qc6+ 60. Rf3 a4 61. Ree3 h5 62. Kf2 Qc2+ 63. Kg1 h4 64. gxh4+ Kxh4 65. Rf2 Qc1+ 0-1

[Event "29th Paul Keres Memorial 2020"]
[Site "Tallinn"]
[Date "2020.01.12"]
[Round "10.3"]
[White "Turov, Maxim"]
[Black "Onischuk, Vladimir"]
[Result "0-1"]
[ECO "A41"]
[WhiteElo "2567"]
[BlackElo "2631"]
[Annotator "ChessBase"]
[PlyCount "81"]
[EventDate "2020.01.11"]
[EventType "swiss"]
[EventCountry "EST"]
[SourceTitle "playchess.com"]
[Source "ChessBase"]
[SourceQuality "1"]
[TimeControl "900+5"]

1. d4 d6 2. Nf3 g6 3. g3 Bg7 4. Bg2 Nf6 5. O-O O-O 6. Re1 Nbd7 7. e4 e5 8. Nc3 c6 9. a4 Re8 10. h3 Qc7 11. Bg5 h6 12. Be3 b6 13. Qd2 Kh7 14. Rad1 Bb7 15. dxe5 dxe5 16. Qd6 Qxd6 17. Rxd6 Bf8 18. Rdd1 Bb4 19. Nd2 Ba6 20. Bf1 Bxf1 21. Kxf1 Rad8 22. f3 Nc5 23. a5 Bxa5 24. Bxc5 bxc5 25. Nc4 Bb4 26. Rxd8 Rxd8 27. Nxe5 Nh5 28. Rd1 Bxc3 29. Rxd8 Bxe5 30. Rd7 Nxg3+ 31. Kf2 Kg7 32. Rxa7 Nh5 33. Ra6 Bxb2 34. Rxc6 Bd4+ 35. Kg2 Nf4+ 36. Kg3 Be3 37. Rc7 Ne6 38. Rc6 Nd4 39. Rc8 Nxc2 40. f4 Nd4 41. e5 0-1

[Event "29th Paul Keres Memorial 2020"]
[Site "Tallinn"]
[Date "2020.01.12"]
[Round "10.4"]
[White "Tiviakov, Sergei"]
[Black "Seeman, Tarvo"]
[Result "1-0"]
[ECO "B06"]
[WhiteElo "2608"]
[BlackElo "2410"]
[Annotator "ChessBase"]
[PlyCount "85"]
[EventDate "2020.01.11"]
[EventType "swiss"]
[EventCountry "EST"]
[SourceTitle "playchess.com"]
[Source "ChessBase"]
[SourceQuality "1"]
[TimeControl "900+5"]

1. e4 g6 2. d4 Bg7 3. c3 d6 4. Nf3 Nf6 5. Bd3 O-O 6. O-O Nc6 7. d5 Nb8 8. h3 e5 9. dxe6 Bxe6 10. Bg5 Nbd7 11. Nbd2 Re8 12. Nd4 Nc5 13. Bc2 Bd7 14. f4 Bc6 15. Qf3 Ne6 16. Nxc6 bxc6 17. Bh4 Qb8 18. f5 gxf5 19. Bxf6 Bxf6 20. Qxf5 Be5 21. Qxf7+ Kh8 22. Nc4 Qb5 23. Bd3 Ng5 24. Qh5 Rg8 25. Rf5 Ne6 26. Qh4 Qc5+ 27. Kh1 Ng7 28. Rf7 a5 29. Raf1 Rae8 30. Rxc7 Re6 31. Rf5 Rg6 32. Nxe5 dxe5 33. Bf1 Qb6 34. Rcf7 Qxb2 35. Rxe5 Qxc3 36. Ree7 Qa1 37. Qf2 a4 38. Rf8 Nh5 39. Rxg8+ Rxg8 40. Kh2 Qc3 41. Be2 Qb4 42. Qf7 Ng7 43. Bc4 1-0

[Event "29th Paul Keres Memorial 2020"]
[Site "Tallinn"]
[Date "2020.01.12"]
[Round "10.5"]
[White "Maly, Alexey"]
[Black "Fridman, Daniel"]
[Result "1/2-1/2"]
[ECO "D30"]
[WhiteElo "2357"]
[BlackElo "2622"]
[Annotator "ChessBase"]
[PlyCount "78"]
[EventDate "2020.01.11"]
[EventType "swiss"]
[EventCountry "EST"]
[SourceTitle "playchess.com"]
[Source "ChessBase"]
[SourceQuality "1"]
[TimeControl "900+5"]

1. d4 d5 2. c4 e6 3. Nf3 Nf6 4. e3 a6 5. Nbd2 c5 6. dxc5 Bxc5 7. a3 O-O 8. b4 Bd6 9. Bb2 Nc6 10. Be2 Qe7 11. O-O Rd8 12. Qb3 a5 13. b5 a4 14. Qc2 Nb8 15. Rfd1 Nbd7 16. cxd5 exd5 17. Nd4 Ne5 18. Nf5 Bxf5 19. Qxf5 g6 20. Qg5 h6 21. Qxh6 Rac8 22. Bd4 Ned7 23. Nf3 Bxa3 24. Ng5 Ra8 25. Rxa3 Qxa3 26. Ne6 fxe6 27. Qxg6+ Kf8 28. Bxf6 Nxf6 29. Qxf6+ Ke8 30. Qxe6+ Kf8 31. Rd4 Qa1+ 32. Bd1 Qxd4 33. exd4 Re8 34. Qf6+ Kg8 35. Qg5+ Kf8 36. Qf5+ Kg7 37. Qg5+ Kf8 38. Qf6+ Kg8 39. Qg5+ Kf8 1/2-1/2

[Event "29th Paul Keres Memorial 2020"]
[Site "Tallinn"]
[Date "2020.01.12"]
[Round "10.6"]
[White "Neiksans, Arturs"]
[Black "Kulaots, Kaido"]
[Result "0-1"]
[ECO "B51"]
[WhiteElo "2560"]
[BlackElo "2510"]
[Annotator "ChessBase"]
[PlyCount "71"]
[EventDate "2020.01.11"]
[EventType "swiss"]
[EventCountry "EST"]
[SourceTitle "playchess.com"]
[Source "ChessBase"]
[SourceQuality "1"]
[TimeControl "900+5"]

1. e4 c5 2. Nf3 d6 3. Bb5+ Nd7 4. O-O a6 5. Bd3 Ngf6 6. Re1 e6 7. c3 Be7 8. Bc2 c4 9. b3 cxb3 10. axb3 O-O 11. d4 e5 12. Na3 Qc7 13. Bb2 Re8 14. c4 Rb8 15. c5 exd4 16. cxd6 Bxd6 17. Nc4 Bb4 18. Qxd4 b5 19. e5 Bxe1 20. Nd6 Qxc2 21. exf6 Bxf2+ 22. Qxf2 Qxf2+ 23. Kxf2 Re6 24. Nxf7 Nxf6 25. N7e5 Bb7 26. Rd1 Rc8 27. Ba3 h6 28. Kg1 Rc3 29. Bb4 Rc8 30. Ng6 Bxf3 31. gxf3 Kf7 32. Nf4 Rec6 33. Kf2 Rc2+ 34. Kg3 Rb2 35. Rd3 g5 36. Nd5 0-1

[Event "29th Paul Keres Memorial 2020"]
[Site "Tallinn"]
[Date "2020.01.12"]
[Round "11.3"]
[White "Onischuk, Vladimir"]
[Black "Reprintsev, Alexander"]
[Result "1-0"]
[ECO "B01"]
[WhiteElo "2631"]
[BlackElo "2353"]
[Annotator "RC"]
[PlyCount "69"]
[EventDate "2020.01.11"]
[EventType "swiss"]
[EventCountry "EST"]
[SourceTitle "playchess.com"]
[Source "ChessBase"]
[SourceQuality "1"]
[TimeControl "900+5"]

1. e4 d5 2. exd5 Qxd5 3. Nc3 Qa5 4. Nf3 Nf6 5. g3 Nc6 6. Bg2 Bg4 7. h3 Bh5 8. d3 O-O-O 9. Bd2 e6 10. g4 Bg6 11. Nh4 Nd4 12. O-O Qb6 13. a4 Qxb2 14. Nxg6 hxg6 15. Nb5 Nxb5 16. axb5 Bc5 17. Qf3 Qxb5 18. g5 Nd5 19. c4 Qb2 20. Rfd1 Ne7 21. Rab1 Qe5 22. Bf4 Qf5 23. Qxb7+ Kd7 24. Qxc7+ Ke8 25. Rb8 Rxb8 26. Qxb8+ Kd7 27. Qc7+ Ke8 28. d4 Bb6 29. Qb8+ Kd7 30. Qd6+ Ke8 31. c5 Bd8 32. c6 f6 33. c7 Bxc7 34. Qxc7 Rh4 35. Bd6 1-0

[Event "29th Paul Keres Memorial 2020"]
[Site "Tallinn"]
[Date "2020.01.12"]
[Round "11.4"]
[White "Meshkovs, Nikita"]
[Black "Kovalenko, Igor"]
[Result "0-1"]
[ECO "A04"]
[WhiteElo "2565"]
[BlackElo "2640"]
[Annotator "ChessBase"]
[PlyCount "84"]
[EventDate "2020.01.11"]
[EventType "swiss"]
[EventCountry "EST"]
[SourceTitle "playchess.com"]
[Source "ChessBase"]
[SourceQuality "1"]
[TimeControl "900+5"]

1. Nf3 b6 2. g3 Bb7 3. Bg2 g6 4. O-O Bg7 5. d4 Nf6 6. b3 O-O 7. Bb2 d6 8. c4 Nbd7 9. Nc3 Ne4 10. Qc2 Nxc3 11. Bxc3 a5 12. d5 Bxc3 13. Qxc3 Nc5 14. Nd4 Qc8 15. f4 e5 16. fxe5 dxe5 17. Nb5 f6 18. Rad1 Qd7 19. a3 a4 20. b4 Nb3 21. e3 Rad8 22. d6 Bxg2 23. dxc7 Qxd1 24. Rxd1 Rxd1+ 25. Kxg2 Rd2+ 26. Kh3 h5 27. g4 hxg4+ 28. Kxg4 Kg7 29. Kg3 Rd7 30. c5 bxc5 31. bxc5 Rd5 32. Qc4 Rxc5 33. Qxa4 Nd2 34. Qb4 Rc2 35. Kf2 Rf7 36. Ke2 Rd7 37. Nc3 Rxc7 38. Nd5 Ne4+ 39. Kf3 f5 40. Qe1 Ra7 41. h4 Rf2+ 42. Qxf2 Nxf2 0-1

[Event "29th Paul Keres Memorial 2020"]
[Site "Tallinn"]
[Date "2020.01.12"]
[Round "11.6"]
[White "Maly, Alexey"]
[Black "Turov, Maxim"]
[Result "0-1"]
[ECO "E11"]
[WhiteElo "2357"]
[BlackElo "2567"]
[Annotator "ChessBase"]
[PlyCount "90"]
[EventDate "2020.01.11"]
[EventType "swiss"]
[EventCountry "EST"]
[SourceTitle "playchess.com"]
[Source "ChessBase"]
[SourceQuality "1"]
[TimeControl "900+5"]

1. d4 Nf6 2. c4 e6 3. Nf3 Bb4+ 4. Nbd2 O-O 5. g3 d5 6. Qb3 Nc6 7. Bg2 dxc4 8. Qxc4 Qd5 9. Qd3 Rd8 10. O-O Nxd4 11. Nxd4 Qxd4 12. Qxd4 Rxd4 13. Nb3 Rd7 14. a3 Be7 15. Na5 c6 16. b4 Nd5 17. Bb2 f6 18. e4 Nb6 19. Rad1 Rb8 20. Bh3 Kf7 21. f4 c5 22. b5 Rxd1 23. Rxd1 Bd7 24. a4 Be8 25. Ra1 a6 26. Bf1 axb5 27. axb5 Nc8 28. e5 Nb6 29. Rc1 f5 30. Bg2 Nd5 31. Bf1 b6 32. Nc6 Ra8 33. Bc4 Bd7 34. Rd1 Bxc6 35. bxc6 Ne3 36. Rc1 Nxc4 37. Rxc4 b5 38. Rc1 Ra6 39. Rd1 Rxc6 40. Rd7 b4 41. Rb7 c4 42. Kf2 Rb6 43. Rc7 c3 44. Bc1 b3 45. Be3 Rb5 0-1